 Dungeon Crawl Stone Soup version 0.21.1-68-g103a7af (webtiles) character file.

114 Wendigo the Chiller (level 4, -5/33 HPs)
             Began as a Draconian Ice Elementalist on Aug 1, 2018.
             Slain by Alter's ghost (7 damage)
             ... on level 3 of the Dungeon on Aug 2, 2018.
             The game lasted 00:07:18 (2152 turns).

Wendigo the Chiller (Draconian Ice Elementalist)    Turns: 2152, Time: 00:07:19

Health: -5/33      AC: 10    Str: 11    XL:     4   Next: 66%
Magic:  1/9        EV: 12    Int: 16    God:
Gold:   27         SH:  0    Dex: 11    Spells: 4/10 levels left

rFire    . . .     SeeInvis .   c - +0 dagger
rCold    . . .     Gourm    .   (no shield)
rNeg     . . .     Faith    .   (armour unavailable)
rPois    .         Spirit   .   (helmet restricted)
rElec    .         Reflect  .   (no cloak)
rCorr    .         Harm     .   (no gloves)
MR       .....                  (no boots)
Stlth    ++........             (no amulet)
HPRegen  0.11/turn              (no ring)
MPRegen  0.11/turn              (no ring)

@: icy armour, slow
A: unfitting armour, cold-blooded, AC +5
a: no special abilities


You were on level 3 of the Dungeon.
You were hungry.

You visited 1 branch of the dungeon, and saw 3 of its levels.

You collected 27 gold pieces.

Inventory:

Hand Weapons
 c - a +0 dagger (weapon)
Jewellery
 e - an uncursed amulet of rage {unknown}
Scrolls
 d - 3 scrolls of identify {unknown}
 g - 2 scrolls of blinking {unknown}
 j - a scroll of magic mapping {unknown}
 l - a scroll of enchant weapon {unknown}
 m - a scroll of enchant armour {unknown}
 o - a scroll of teleportation {unknown}
Potions
 f - a potion of curing {unknown}
 h - a potion of magic {unknown}
 i - a potion of resistance {unknown}
 k - 2 potions of brilliance {unknown}
Books
 a - a book of Frost

   Spells                             Type                      Level
   a - Freeze                         Ice                          1
   b - Throw Frost                    Conjuration/Ice              2
   c - Ozocubu's Armour               Charms/Ice                   3
   d - Throw Icicle                   Conjuration/Ice              4
   e - Summon Ice Beast               Ice/Summoning                4
Comestibles
 b - 5 rations
 n - 4 chunks of flesh


   Skills:
 + Level 0.1 Fighting
 - Level 1.7 Dodging
 - Level 1.7 Stealth
 + Level 3.5 Spellcasting
 - Level 1.0 Conjurations
 + Level 4.3 Ice Magic


You had 4 spell levels left.
You knew the following spells:

 Your Spells              Type           Power        Failure   Level  Hunger
a - Freeze                Ice            ###.         3%          1    None
b - Throw Frost           Conj/Ice       ##....       9%          2    ##.....
c - Ozocubu's Armour      Chrm/Ice       #.......     22%         3    ###....


Dungeon Overview and Level Annotations

Branches:
Dungeon (3/15)

Altars:
Qazlal

Annotations:
D:3 Alter's ghost, amateur MiFi


Innate Abilities, Weirdness & Mutations

Your plain brown scales are hard. (AC +5)
You cannot fit into any form of body armour.
You are cold-blooded and may be slowed by cold attacks.


Message History

Press: ? - help, Shift-Dir - straight line, f/p - Alter's ghost
Aim: Alter's ghost (severely damaged)
You freeze Alter's ghost.
Alter's ghost is almost destroyed.
Alter's ghost hits you! Alter's ghost hits you.
* * * LOW HITPOINT WARNING * * *
Casting: Freeze
Confirm with . or Enter, or press ? or * to list all spells.
Aiming: Freeze
Press: ? - help, Shift-Dir - straight line, f/p - Alter's ghost
Aim: Alter's ghost (almost destroyed)
You freeze Alter's ghost.
Alter's ghost is almost destroyed.
Alter's ghost barely misses you. Alter's ghost hits you!
* * * LOW HITPOINT WARNING * * *
There is a stone staircase leading up here.
Alter's ghost hits you!
You die...

##.# #.......#
##.###.#####.#
..........##.#####
##.###.##........#
.(.# #.##..#.###.#
#### #.......###.#
####.....##.#
##.##.##W#
#......@#
#.......# .
##...##.# ..
#.####.# W.. #.#
#.# ... #.. ..# ..
#.# ### # #.# # #.


You could see Alter's ghost.

Vanquished Creatures
  Terence (D:2)
  Robin (D:2)
  2 adders (D:2)
  2 dart slugs
  A leopard gecko (D:1)
  An orc (D:3)
  2 ball pythons
  A giant cockroach (D:2)
  11 hobgoblins
  3 kobolds (D:1)
  3 bats
  6 frilled lizards
  15 goblins
  7 rats
56 creatures vanquished.

Notes
Turn   | Place    | Note
-------+----------+-------------------------------------------
     0 | D:1      | Wendigo the Draconian Ice Elementalist began the quest for the Orb.
     0 | D:1      | Reached XP level 1. HP: 14/14 MP: 3/3
   150 | D:1      | Reached XP level 2. HP: 17/20 MP: 3/5
   155 | D:1      | Learned a level 2 spell: Throw Frost
   677 | D:1      | Reached XP level 3. HP: 23/26 MP: 7/7
   685 | D:1      | Learned a level 3 spell: Ozocubu's Armour
   926 | D:2      | Noticed Robin
  1321 | D:2      | Killed Robin
  1321 | D:2      | Reached skill level 4 in Ice Magic
  1555 | D:2      | Reached XP level 4. HP: 33/33 MP: 3/8
  1712 | D:2      | Noticed Terence
  1724 | D:2      | Killed Terence
  1988 | D:2      | Found a stormy altar of Qazlal.
  2080 | D:3      | Noticed Alter's ghost (amateur MiFi)
  2148 | D:3      | HP: 1/33 [Alter's ghost (12)]
  2152 | D:3      | Slain by Alter's ghost

Skill      XL: |  1  2  3 |
---------------+----------+-----
Spellcasting   | 3 |  3.5
Ice Magic      | 4 |  4.3
Fighting       | |  0.1
Dodging        | |  1.7
Stealth        | |  1.7
Conjurations   | |  1.0

Action                   |  1- 3 |  4- 6 || total
-------------------------+-------+-------++-------
Melee: Dagger            |    55 |    21 ||    76
       Unarmed           |     3 |       ||     3
       Tailslap          |     7 |     4 ||    11
 Cast: Freeze            |    47 |    25 ||    72
       Throw Frost       |     8 |     1 ||     9
       Ozocubu's Armour  |       |     1 ||     1
 Stab: Sleeping          |     2 |     1 ||     3
  Eat: Chunk             |     3 |     1 ||     4
Armor: Skin              |    23 |     7 ||    30
Dodge: Dodged            |    48 |    20 ||    68
